 Dungeon Crawl Stone Soup version 0.29.1-1-gd02db6906a (webtiles) character file.

Game seed: 10250316338632719664

56 sentinel the Digger (level 4, -1/33 HPs)
             Began as a Meteoran Earth Elementalist on Sept 30, 2022.
             Slain by a black bear (4 damage)
             ... on level 4 of the Dungeon.
             The game lasted 00:03:25 (521 turns).

sentinel the Digger (Meteoran Earth Elementalist)    Turns: 521, Time: 00:03:26

Health: -1/33      AC:  2    Str:  9    XL:     4   Next: 37%
Magic:  2/9        EV: 12    Int: 19    God:
Gold:   0          SH:  0    Dex: 14    Spells: 1/9 levels left

rFire   . . .      SeeInvis .   (no weapon)
rCold   . . .      Faith    .   (no shield)
rNeg    . . .      Spirit   .   a - +0 robe
rPois   .          Reflect  .   (no helmet)
rElec   .          Harm     .   (no cloak)
rCorr   .          Rampage  .   (no gloves)
Will    .....                   (no boots)
Stlth   +.........              (no amulet)
HPRegen 0.11/turn               (no ring)
MPRegen 0.11/turn               (no ring)

@: glowing
A: sense surroundings 1, otherworldly, glowing, explore regen
a: no special abilities


You were on level 4 of the Dungeon.
You visited 1 branch of the dungeon, and saw 4 of its levels.

Inventory:

Missiles
 g - 6 boomerangs
Armour
 a - a +0 robe (worn)
Scrolls
 e - a scroll of identify {unknown}
 f - a scroll of immolation {unknown}
 h - 2 scrolls of teleportation {unknown}
 i - 2 scrolls of poison {unknown}
Potions
 b - a potion of magic
 c - a potion of curing {unknown}
 d - a potion of attraction {unknown}


   Skills:
 - Level 2.4 Dodging
 - Level 1.4 Stealth
 - Level 3.0 Spellcasting
 * Level 2.3 Conjurations
 - Level 1.0 Summonings
 - Level 1.2 Transmutations
 - Level 4.7 Earth Magic


You had one spell level left.
You knew the following spells:

 Your Spells              Type           Power      Damage    Failure   Level
a - Sandblast             Erth           40%        2d10      2%          1
b - Summon Small Mammal   Summ           24%        N/A       10%         1
c - Passwall              Tmut/Erth      11%        N/A       7%          2
d - Stone Arrow           Conj/Erth      32%        3d9       11%         3
g - Apportation           Tloc           4%         N/A       16%         1

Your spell library contained the following spells:

 Spells                   Type           Power      Damage    Failure   Level
 Necrotise                Necr           8%         1d4       16%         1
 Call Canine Familiar     Summ           6%         N/A       30%         3
 Summon Guardian Golem    Hex/Summ       4%         N/A       36%         3
 Ozocubu's Armour         Ice            2%         N/A       41%         3
 Petrify                  Tmut/Erth      14%        N/A       41%         4
 Ozocubu's Refrigeration  Ice            1%         4d7       100%        7


Dungeon Overview and Level Annotations

Branches:
Dungeon (4/15) Zot: 1861
 Temple: D:4-7

Altars:
Xom


Innate Abilities, Weirdness & Mutations

You passively map a small area around you.
You are easily found by Zot.
You glow in the dark.
You regain HP and MP as you explore.


Message History

A goblin comes into view. It is wielding a +0 club.
The goblin shouts!
You hear an angry hiss.
A ball python comes into view.
The ball python hisses angrily.
The blast of sand misses the goblin.
The blast of sand hits the goblin!
You kill the goblin!
A worm comes into view.
You miscast Sandblast.
You are very lightly contaminated with residual magic.
Nothing appears to happen.
The blast of sand hits the ball python!
You kill the ball python!
You can't see any susceptible monsters within range! (Use Z to cast anyway.)
You can't see any susceptible monsters within range! (Use Z to cast anyway.)
You can't see any susceptible monsters within range! (Use Z to cast anyway.)
The blast of sand hits the worm!
The worm is severely wounded.
The blast of sand hits the worm!
You kill the worm!
You can't see any susceptible monsters within range! (Use Z to cast anyway.)
You can't see any susceptible monsters within range! (Use Z to cast anyway.)
Your magical contamination has completely faded away. "Where it stops, nobody knows!"
Your surroundings suddenly seem different.
A rat comes into view.
Found a Trismegistus Codex.
Your surroundings suddenly seem different.
Found 19 gold pieces and Ozocubu's Autobiography.
Unknown command.
Unknown command.
The rat moves out of view.
Casting: Sandblast (safe; 2% risk of failure)
Confirm with . or Enter, or press ? or * to list all spells.
Aiming: Apportation (safe; 16% risk of failure)
Press: ? - help, Dir - move target Apport: Ozocubu's Autobiography Yoink!
You pull the item towards yourself.
Casting: Apportation (safe; 16% risk of failure)
Confirm with . or Enter, or press ? or * to list all spells.
Aiming: Apportation (safe; 16% risk of failure)
Press: ? - help, Dir - move target Apport: Ozocubu's Autobiography Yoink!
You pull the item towards yourself.
Casting: Apportation (safe; 16% risk of failure)
Confirm with . or Enter, or press ? or * to list all spells.
Okay, then.
You pick up Ozocubu's Autobiography and begin reading...
You add the spells Ozocubu's Armour and Ozocubu's Refrigeration to your library.
Casting: Apportation (safe; 16% risk of failure)
Confirm with . or Enter, or press ? or * to list all spells.
Aiming: Passwall (safe; 7% risk of failure)
Press: ? - help, Dir - move target A rock wall.
You begin to meditate on the wall.
You continue meditating on the rock. x3
You finish merging with the rock.
You open the door.
There is an open door here.
A ball python comes into view.
The ball python hisses angrily.
Found a stone staircase leading down.
The blast of sand hits the ball python.
You kill the ball python!
You can't see any susceptible monsters within range! (Use Z to cast anyway.)
A goblin comes into view. It is wielding a +0 dagger.
There is a stone staircase leading down here.
You climb downwards.
There is a stone staircase leading up here.
The blast of sand hits the rat!
You kill the rat!
You can't see any susceptible monsters within range! (Use Z to cast anyway.)
You can't see any susceptible monsters within range! (Use Z to cast anyway.)
You see here a rat corpse.
Okay, then.
Okay, then.
Found a stone staircase leading down.
A giant cockroach comes into view.
The blast of sand hits the giant cockroach.
The giant cockroach is moderately wounded.
The giant cockroach closely misses you.
The blast of sand hits the giant cockroach!
You kill the giant cockroach!
There is a stone staircase leading down here.
You climb downwards.
Found an escape hatch in the ceiling.
There is a stone staircase leading up here.
A hound comes into view.
The hound barks!
A black bear comes into view.
You can't see any susceptible monsters within range! (Use Z to cast anyway.)
The blast of sand hits the hound!
The hound is severely wounded.
The blast of sand hits the hound.
The hound is severely wounded.
The hound bites you.
The blast of sand hits the hound.
The hound is severely wounded.
The hound bites you.
The hound stops to sniff the ground.
The hound bites you.
Casting: Sandblast (safe; 2% risk of failure)
Confirm with . or Enter, or press ? or * to list all spells.
Aiming: Sandblast (safe; 2% risk of failure)
Press: ? - help, Shift-Dir - straight line, f/p - hound
Aim: a hound (severely wounded, 76% to hit)
The blast of sand hits the hound!
You kill the hound!
Your Conjurations skill gained 2 levels and is now at level 2!
You have reached level 4!
Casting: Sandblast (safe; 2% risk of failure)
Confirm with . or Enter, or press ? or * to list all spells.
The black bear bites you. The black bear misses you. The black bear claws you.
The black bear attacks as you move away!
The black bear barely misses you. The black bear claws you.
The black bear barely misses you.
Your rat bites the black bear.
The black bear bites your rat.
Your rat dies!
Your rat's corpse disappears in a puff of smoke!
Casting: Summon Small Mammal (safe; 10% risk of failure)
Confirm with . or Enter, or press ? or * to list all spells.
The black bear misses you. The black bear claws you. The black bear misses you.
The black bear attacks as you move away!
The black bear bites you but does no damage.
The black bear barely misses you.
The black bear claws you but does no damage.
Your rat completely misses the black bear.
Casting: Summon Small Mammal (safe; 10% risk of failure)
Confirm with . or Enter, or press ? or * to list all spells.
The black bear bites you.
The black bear claws you but does no damage. x2
Casting: Summon Small Mammal (safe; 10% risk of failure)
Confirm with . or Enter, or press ? or * to list all spells.
Your rat disappears in a puff of smoke!
Your bat hits the black bear but does no damage.
The black bear bites you. The black bear claws you. x2
* * * LOW HITPOINT WARNING * * *
Your bat completely misses the black bear.
HP warning!
Your bat closely misses the black bear.
Your bat hits the black bear.
Your rat bites the black bear but does no damage.
The black bear bites your bat!
Your bat dies!
Your bat's corpse disappears in a puff of smoke!
The black bear growls angrily.
HP warning!
Your rat closely misses the black bear.
HP warning!
The black bear attacks as you move away!
The black bear bites you.
You die...

*
###########
#.........#
#.........#
#.........#
#........<#
,
#....ยง....#
*
#..hr.....#
#.@.......#
#.<.......#
#.....##+##
, #.....#
,,, , ,, *
#.....# ,
#.....#,, ,
#.....+
#.....# , ,
* * , ,


You could see a black bear (ally target) and a friendly rat (summoned).

Vanquished Creatures
  A hound (D:4)
  A worm (D:2)
  3 ball pythons
  2 bats
  3 endoplasms
  4 giant cockroaches
  A quokka (D:2)
  2 goblins
  3 kobolds
  3 rats
23 creatures vanquished.

Notes
Turn   | Place    | Note
-------+----------+-------------------------------------------
     0 | D:1      | sentinel the Meteoran Earth Elementalist began the quest
                  | for the Orb.
     0 | D:1      | Reached XP level 1. HP: 14/14 MP: 5/5
   194 | D:1      | Reached skill level 4 in Earth Magic
   194 | D:1      | Reached XP level 2. HP: 20/20 MP: 4/6
   202 | D:1      | Learned a level 2 spell: Passwall
   204 | D:1      | Learned a level 1 spell: Apportation
   206 | D:1      | Learned a level 1 spell: Summon Small Mammal
   218 | D:1      | Found a faded altar of an unknown god.
   222 | D:1      | Prayed at the altar of an unknown god.
   222 | D:1      | Became a worshipper of Xom of Chaos
   223 | D:1      | Fell from the grace of Xom
   384 | D:2      | Reached skill level 1 in Summonings
   384 | D:2      | Reached XP level 3. HP: 26/26 MP: 6/8
   390 | D:2      | Learned a level 3 spell: Stone Arrow
   428 | D:2      | XOM: 2-stop teleportation journey
   504 | D:4      | Noticed a black bear
   510 | D:4      | Reached XP level 4. HP: 21/33 MP: 5/9
   521 | D:4      | Slain by a black bear

Illustrated notes

Levels and vault maps discovered:
D:1:      minmay_arrival_stair_chambers, layout_basic,
          hellmonk_ecumenical_altar_heavens_door
D:2:      layout_basic
D:3:      layout_loops_cross, mainiacjoe_overflow_surrounded_room,
          minmay_stone_trees_small, kennysheep_generic_room_9
D:4:      layout_gridville, minmay_temple_entry_nine_rooms, serial_shops,
          nicolae_shop_crystal, ebering_ghost_rock_garden, uniq_menkaure

Skill      XL: |  1  2  3 |
---------------+----------+-----
Earth Magic    | 4 |  4.7
Spellcasting   | 3 |  3.0
Summonings     | 1 |  1.0
Conjurations   | 2 |  2.3
Dodging        | |  2.4
Stealth        | |  1.4
Transmutations | |  1.2

Action                   |  1- 3 |  4- 6 || total
-------------------------+-------+-------++-------
Melee: Unarmed           |     1 |       ||     1
 Cast: Sandblast         |    37 |       ||    37
       Passwall          |    10 |       ||    10
       Apportation       |     2 |       ||     2
       Summon Small Mamm |       |     4 ||     4
Invok: Renounce Religion |     1 |       ||     1
Armor: Robe              |     6 |     4 ||    10
Dodge: Dodged            |     5 |     6 ||    11
